 Dungeon Crawl Stone Soup version 0.13.0-11-g0187522 (webtiles) character file.

86 HungrySpirit the Insei (level 3, -6/31 HPs)
             Began as a Naga Transmuter on Oct 18, 2013.
             Mangled by a gnoll
             ... wielding a +0,+0 club
              (8 damage)
             ... on Level 2 of the Dungeon.
             The game lasted 00:03:46 (2179 turns).

HungrySpirit the Insei (Naga Transmuter)            Turns: 2179, Time: 00:03:46

HP  -6/31        AC  2     Str 12      XL: 3   Next: 27%
MP   4/4         EV 10     Int 13      God:
Gold 54          SH  0     Dex 12      Spells:  1 memorised,  5 levels left

Res.Fire  : . . .   See Invis. : +     - Unarmed
Res.Cold  : . . .   Warding    : .   c - +0 robe
Life Prot.: . . .   Conserve   : .   (no shield)
Res.Poison: +       Res.Corr.  : .   (helmet restricted)
Res.Elec. : .       Clarity    : .   (no cloak)
Sust.Abil.: . .     Spirit.Shd : .   (no gloves)
Res.Mut.  : .       Stasis     : .   (no barding)
Res.Rott. : .       Flight     : .   (no amulet)
Saprovore : . . .                    (no ring)
                                     (no ring)

@: appendage (expiring), very slow, slightly resistant to hostile enchantments,
unstealthy
A: spit poison, horns 2, see invisible, deformed body, poison resistance,
slowness 2, AC +1
a: Spit Poison, End Transformation


You were on level 2 of the Dungeon.
You were hungry.
You had grown temporary horns.
You visited 1 branch of the dungeon, and saw 2 of its levels.

You collected 34 gold pieces.

Inventory:

Missiles
 b - 12 arrows
Armour
 c - a +0 robe (worn)
Comestibles
 a - 4 bread rations
 k - an apple
 l - a rotting chunk of jackal flesh
Scrolls
 e - a scroll of magic mapping {unknown}
 f - 2 scrolls of teleportation {unknown}
 g - 3 scrolls of curse armour {unknown}
 h - a scroll of remove curse {unknown}
 i - a scroll of identify {unknown}
Potions
 j - a potion of might {unknown}
Books
 d - a book of Changes

   Spells                             Type                      Level
   *Beastly Appendage                 Transmutation                1
   Sticks to Snakes                   Transmutation                2
   Spider Form                        Transmutation/Poison         3
   Ice Form                           Ice/Transmutation            4
   Blade Hands                        Transmutation                5


   Skills:
 - Level 1.0 Fighting
 - Level 1.5 Dodging
 + Level 0.4 Stealth
 * Level 3.7 Unarmed Combat
 - Level 2.0 Spellcasting
 * Level 2.6 Transmutations


You had 5 spell levels left.
You knew the following spells:

 Your Spells              Type           Power        Failure   Level  Hunger
a - Beastly Appendage     Trmt           #.....       10%         1    ##.....


Dungeon Overview and Level Annotations

Branches:
Dungeon (2/27)

Altars:


Innate Abilities, Weirdness & Mutations

You cannot wear boots.
You can spit poison.
Your serpentine skin is tough (AC +1).
You have supernaturally acute eyesight.
Armour fits poorly on your strangely shaped body.
Your system is resistant to poisons.
You cover ground very slowly.
You have a pair of horns on your head.


Message History

The gnoll picks up a throwing net.
The gnoll throws a throwing net.
The throwing net hits you!
You become entangled in the net!
* * * LOW HITPOINT WARNING * * *
You smell something rotten. (slot l)
You see here a throwing net.
You struggle against the net.
You struggle against the net.
The gnoll hits you with a club.
* * * LOW HITPOINT WARNING * * *
You rip the net and break free!
Your transformation is almost over.
The gnoll hits you but does no damage. The gnoll closely misses you.
The gnoll hits you with a club.
* * * LOW HITPOINT WARNING * * *
You hit the gnoll.
The gnoll is moderately wounded.
The gnoll hits you but does no damage.
You hit the gnoll but do no damage. You headbutt the gnoll.
The gnoll is moderately wounded.
The gnoll closely misses you. The gnoll hits you with a club!
You die...

#.# #.# #### ###.#
#..# #... ...#
..#.g
#.#########.####.#
#...>g%..%........
#g################
#g# #g# #@# #.#
#.########
#<........
##########


You could see 3 gnolls.

Vanquished Creatures
  A giant cockroach (D:1)
  2 goblins (D:1)
  4 hobgoblins (D:1)
  4 jackals (D:2)
  4 kobolds (D:1)
  7 bats (D:1)
  4 giant newts (D:1)
  4 rats (D:1)
30 creatures vanquished.

Notes
Turn   | Place    | Note
--------------------------------------------------------------
     0 | D:1      | HungrySpirit, the Naga Transmuter, began the quest for the Orb.
     0 | D:1      | Reached XP level 1. HP: 18/18 MP: 1/1
   406 | D:1      | Reached XP level 2. HP: 25/25 MP: 3/3
  1619 | D:1      | Reached XP level 3. HP: 29/31 MP: 4/4
  2179 | D:2      | Mangled by a gnoll

Action                   || total
-------------------------++-------
Melee: Unarmed           ||   132
 Cast: Beastly Appendage ||     1
 Stab: Sleeping          ||     1
